 Dungeon Crawl Stone Soup version 0.29-a0-1065-g47a6bb87d6 (webtiles) character file.

Game seed: 12095715033267189759

323 gelatine the Stinger (level 6, -3/42 HPs)
             Began as a Demonspawn Venom Mage on Aug 18, 2022.
             Killed by divine providence
             ... invoked by an orc priest
              (15 damage)
             ... on level 5 of the Dungeon.
             The game lasted 00:12:43 (4723 turns).

gelatine the Stinger (Demonspawn Venom Mage)        Turns: 4723, Time: 00:12:44

Health: -3/42      AC:  5    Str:  9    XL:     6   Next: 23%
Magic:  5/11       EV: 16    Int: 18    God:
Gold:   182        SH:  0    Dex: 17    Spells: 2/12 levels left

rFire   . . .      SeeInvis +   g - +0 dagger
rCold   . . .      Faith    .   (no shield)
rNeg    . . .      Spirit   .   a - +1 robe
rPois   .          Reflect  .   (no helmet)
rElec   .          Harm     .   (no cloak)
rCorr   .          Rampage  .   (no gloves)
Will    .....                   r - +1 pair of boots
Stlth   +++.......              i - amulet of the acrobat
HPRegen 0.14/turn               n - ring of see invisible
MPRegen 0.12/turn               s - +4 ring of evasion

@: confused
A: thin skeletal structure 2, demonic guardian 1, demonic magic 1
a: no special abilities


You were on level 5 of the Dungeon.
You visited 1 branch of the dungeon, and saw 5 of its levels.

You collected 182 gold pieces.

Inventory:

Hand Weapons
 g - a +0 dagger (weapon)
Armour
 a - a +1 robe (worn)
 r - a +1 pair of boots (worn)
Jewellery
 i - an amulet of the acrobat (around neck)
 n - a ring of see invisible (left hand)
 s - a +4 ring of evasion (right hand)
Scrolls
 e - 2 scrolls of vulnerability
 h - a scroll of teleportation {unknown}
 j - a scroll of enchant weapon {unknown}
 k - a scroll of noise {unknown}
 o - a scroll of amnesia {unknown}
 p - a scroll of immolation {unknown}
 t - a scroll of enchant armour
Potions
 b - a potion of magic
 c - a potion of flight
 d - a potion of brilliance
 f - a potion of attraction
 m - 4 potions of curing {unknown}
 q - a potion of mutation
 u - a potion of heal wounds {unknown}


   Skills:
 + Level 0.4 Fighting
 + Level 1.2 Short Blades
 + Level 2.1 Dodging
 + Level 2.9 Stealth
 + Level 3.5 Spellcasting
 + Level 2.5 Transmutations
 + Level 4.3 Poison Magic


You had 2 spell levels left.
You knew the following spells:

 Your Spells              Type           Power      Damage    Failure   Level
a - Sting                 Tmut/Pois      60%        1d6       3%          1
b - Poisonous Vapours     Pois/Air       22%        N/A       10%         2
c - Mephitic Cloud        Conj/Pois/Air  8%         N/A       26%         3
d - Olgreb's Toxic Radia  Pois           18%        N/A       26%         4

Your spell library contained the following spells:

 Spells                   Type           Power      Damage    Failure   Level
 Ignite Poison            Fire/Tmut/Pois 11%        N/A       19%         3
 Conjure Flame            Conj/Fire      3%         6-21      43%         3
 Sticky Flame             Conj/Fire      3%         2d3       83%         4


Dungeon Overview and Level Annotations

Branches:
Dungeon (5/15)
 Temple: D:4-7

Altars:
Uskayaw

Annotations:
D:4 Grinder


Innate Abilities, Weirdness & Mutations

You have a moderately thin skeletal structure. (Dex +4, Stealth++)
A weak demonic guardian rushes to your aid.
Spells you cast may paralyse adjacent enemies.


Message History

The sting misses the orc wizard.
The sting hits the orc priest but does no damage.
The orc priest looks as sick as possible!
The orc priest is heavily wounded.
Malevolent energies surge around you. The orc wizard casts a spell at you.
The puff of flame hits you.
The sting hits the orc wizard.
The orc wizard looks as sick as possible!
The orc wizard is heavily wounded.
Malevolent energies surge around you.
You kill the orc priest!
The orc priest miscasts a cantrip.
The orc wizard points at you and mumbles some strange words.
You are confused.
You're too confused to cast spells.
You miss the orc wizard.
The orc wizard is heavily wounded.
The orc priest miscasts a cantrip.
You hit the orc.
You kill the orc!
You bump into the rock wall.
The orc priest misses you. The orc wizard barely misses you.
You closely miss the orc priest.
The orc priest is severely wounded.
You barely miss the orc priest.
The orc priest is severely wounded.
The orc priest calls down the wrath of Beogh upon you.
Beogh smites you!
A demonic guardian appears!
The orc wizard hits you with a +0 dagger.
You're too confused to move!
The orc priest barely misses you. The orc wizard casts a spell at you.
The puff of flame hits you!
* * * LOW HITPOINT WARNING * * *
Your quasit bites the orc but does no damage.
Your quasit barely misses the orc.
Your quasit claws the orc.
You bump into the rock wall.
The orc priest calls down the wrath of Beogh upon you.
Beogh smites you!
You die...

.. .. .. #
#. .# ... #.
#.#.###..
#.##.......
.##......#.#
[.....?....
.........#
#.@# #oo#
#5o# #).#
...# ##..#
...# #.##


You could see an orc priest (poisoned), an orc wizard (very poisoned), an orc
(ally target) and a friendly quasit (summoned).

Vanquished Creatures
  An orc priest (D:5)
  A hound (D:3)
  An iguana (D:4)
  Natasha (thrice) (D:2)
  An orc wizard (D:3)
  5 adders
  A worm (D:3)
  2 dart slugs
  7 orcs
  12 ball pythons
  4 endoplasms
  4 giant cockroaches
  8 goblins
  5 hobgoblins
  7 kobolds
  2 quokkas
  9 bats
  4 frilled lizards
  4 rats
81 creatures vanquished.

Notes
Turn   | Place    | Note
-------+----------+-------------------------------------------
     0 | D:1      | gelatine the Demonspawn Venom Mage began the quest for the
                  | Orb.
     0 | D:1      | Reached XP level 1. HP: 13/13 MP: 3/3
   435 | D:1      | Gained mutation: A weak demonic guardian rushes to your
                  | aid. [demonic ancestry]
   435 | D:1      | Reached XP level 2. HP: 19/19 MP: 1/5
   437 | D:1      | Reached skill level 1 in Transmutations
  1474 | D:1      | Learned a level 2 spell: Poisonous Vapours
  1552 | D:2      | Noticed Natasha
  1570 | D:2      | Killed Natasha
  1571 | D:2      | Reached XP level 3. HP: 24/24 MP: 0/6
  2025 | D:2      | Gained mutation: Spells you cast may paralyse adjacent
                  | enemies. [demonic ancestry]
  2025 | D:2      | Reached XP level 4. HP: 30/30 MP: 5/7
  2154 | D:2      | Noticed Natasha
  2163 | D:2      | Killed Natasha
  2329 | D:2      | Noticed Natasha
  2335 | D:2      | Killed Natasha
  2855 | D:2      | Gained mutation: You have a somewhat thin skeletal
                  | structure. (Dex +2, Stealth+) [demonic ancestry]
  2855 | D:2      | Reached XP level 5. HP: 36/36 MP: 6/9
  2968 | D:3      | Reached skill level 1 in Short Blades
  3529 | D:3      | Reached skill level 4 in Poison Magic
  4242 | D:4      | Found a hide-covered altar of Uskayaw.
  4242 | D:4      | Noticed an ogre
  4242 | D:4      | Noticed an ogre
  4242 | D:4      | Noticed a phantom
  4311 | D:3      | Learned a level 3 spell: Mephitic Cloud
  4316 | D:3      | Learned a level 4 spell: Olgreb's Toxic Radiance
  4482 | D:4      | Gained mutation: You have a moderately thin skeletal
                  | structure. (Dex +4, Stealth++) [demonic ancestry]
  4482 | D:4      | Reached XP level 6. HP: 42/42 MP: 3/11
  4616 | D:4      | Noticed Grinder
  4712 | D:5      | Entered Level 5 of the Dungeon
  4723 | D:5      | Killed from afar by an orc priest

Illustrated notes

Levels and vault maps discovered:
D:1:      doesnt_arrival_eight_statues, layout_loops_corners, serial_rivers,
          chequers_serial_rivers_small_b, chequers_serial_rivers_room_a,
          chequers_serial_rivers_small_a, chequers_serial_rivers_micro_d,
          chequers_serial_rivers_large_b, chequers_serial_rivers_room_b,
          amethyst_killhole, minmay_misc_feat_pillars, serial_bayou_pond_e,
          minmay_misc_feat_iff
D:2:      kb_forest_paths, layout_basic, uniq_natasha
D:3:      layout_basic
D:4:      nicolae_cairo_tiling_large, layout_loops_ring,
          minmay_misc_feat_encased, minmay_ruined_shrine, uniq_grinder,
          uniq_menkaure
D:5:      layout_loops_ring, gammafunk_ghost_arena

Skill      XL: |  1  2  3  4  5 |
---------------+----------------+-----
Transmutations | 1 2 |  2.5
Stealth        | 2 |  2.9
Dodging        | 2 |  2.1
Short Blades   | 1 |  1.2
Spellcasting   | 3 |  3.5
Poison Magic   | 4 |  4.3
Fighting       | |  0.4

Action                   |  1- 3 |  4- 6 || total
-------------------------+-------+-------++-------
Melee: Unarmed           |     1 |       ||     1
       Dagger            |    33 |    48 ||    81
 Cast: Sting             |    58 |    76 ||   134
       Poisonous Vapours |       |     3 ||     3
       Olgreb's Toxic Ra |       |     1 ||     1
  Use: Scroll            |       |     6 ||     6
 Stab: Paralysed         |       |    19 ||    19
       Sleeping          |       |     2 ||     2
Armor: Robe              |    21 |    12 ||    33
Dodge: Dodged            |    60 |    39 ||    99

Table legend: (Time is in decaauts)
 A = Elapsed time spent in this place.
 B = Non-inter-level travel time spent in this place.
 C = Inter-level travel time spent in this place.
 D = Time resting spent in this place.
 E = Time spent auto-exploring this place.
 F = Levels seen in this place.
 G = Mean time per level.
                   A        B        C        D        E       F      G
               +--------+--------+--------+--------+--------+-----+--------+
         Total |   4757 |   4591 |    166 |    172 |   3653 |   5 |  951.4 |
       Dungeon |   4757 |   4591 |    166 |    172 |   3653 |   5 |  951.4 |
               +--------+--------+--------+--------+--------+-----+--------+

Top non-repeatable levels by time:
     D:1: 1569 daAuts
     D:2: 1385 daAuts
     D:3: 1375 daAuts
     D:4: 417 daAuts
     D:5: 10 daAuts
